 Dungeon Crawl Stone Soup version 0.17.0-26-gececa24 (webtiles) character file.

140 Raultor the Changer (level 5, 0/60 HPs)
             Began as a Draconian Transmuter on Nov 19, 2015.
             Was an Initiate of Makhleb.
             Slain by an orc warrior
             ... wielding a +0 war axe
              (8 damage)
             ... on level 3 of the Dungeon.
             The game lasted 00:07:56 (3049 turns).

Raultor the Changer (Draconian Transmuter)          Turns: 3049, Time: 00:07:57

Health: 0/60       AC: 22    Str: 13    XL:     5   Next: 2%
Magic:  14/17      EV:  2    Int: 14    God:    Makhleb [......]
Gold:   113        SH:  0    Dex: 11    Spells: 3 memorised, 0 levels left

rFire  . . .     SeeInvis .       - Unarmed
rCold  . . .     Clarity  .     (armour unavailable)
rNeg   + + +     SustAt   .     (no shield)
rPois  +         Gourm    .     (helmet currently unavailable)
rElec  .         Spirit   .     (cloak currently unavailable)
rCorr  .         Warding  .     (gloves currently unavailable)
rMut   .         NoTele   +     (boots currently unavailable)
MR     .....                    (no amulet)
Stlth  +.........               (no ring)
                                r - ring of magical power

@: tree-form, very slightly contaminated, slowed, very slow, not resistant to
hostile enchantments, very unstealthy
A: unfitting armour, (cold-blooded), AC +5
a: Renounce Religion


You were on level 3 of the Dungeon.
You worshipped Makhleb.
Makhleb was noncommittal.
You were not hungry.
You were a tree.
You visited 1 branch of the dungeon, and saw 3 of its levels.

You collected 113 gold pieces.

Inventory:

Missiles
 a - 12 arrows
 t - 4 tomahawks of returning (quivered)
Jewellery
 r - a ring of magical power (left branch)
Wands
 k - a wand of slowing (24)
Scrolls
 g - a scroll of immolation {unknown}
 h - a scroll of fog {unknown}
 i - a scroll of remove curse {unknown}
 j - 3 scrolls of identify {unknown}
 m - a scroll of enchant armour {unknown}
 o - a scroll of fear {unknown}
 u - a scroll of enchant weapon {unknown}
 v - a scroll of teleportation {unknown}
Potions
 d - 2 potions of curing {unknown}
 e - 2 potions of lignification
 f - a potion of might {unknown}
 n - a potion of degeneration {unknown}
 q - a potion of magic {unknown}
Books
 b - a book of Changes

   Spells                             Type                      Level
   a - Beastly Appendage              Transmutation                1
   b - Sticks to Snakes               Transmutation                2
   c - Spider Form                    Transmutation/Poison         3
   d - Ice Form                       Ice/Transmutation            4
   e - Blade Hands                    Transmutation                5
Comestibles
 c - a bread ration
 l - 3 meat rations
 s - a slice of pizza


   Skills:
 - Level 1.1 Fighting
 - Level 1.7 Dodging
 - Level 3.0 Unarmed Combat
 - Level 2.0 Spellcasting
 + Level 5.2 Transmutations
 * Level 0.0 Ice Magic


You couldn't memorise any spells.
You knew the following spells:

 Your Spells              Type           Power        Failure   Level  Hunger
a - Beastly Appendage     Trmt           ###...       2%          1    ##.....
b - Spider Form           Trmt/Pois      #.........   24%         3    ####...
c - Ice Form              Ice/Trmt       #.......     82%         4    #####..


Dungeon Overview and Level Annotations

Branches:
Dungeon (3/15)

Altars:
Ashenzari
Cheibriados
Dithmenos
Elyvilon
Makhleb
Xom

Annotations:
D:2 Sigmund


Innate Abilities, Weirdness & Mutations

((Your plain brown scales are hard (AC +5).))
Your body does not fit into most forms of armour.
((You are cold-blooded and may be slowed by cold attacks.))


Message History

You see here a tomahawk.
The orc warrior throws a tomahawk.
The tomahawk misses you.
The orc warrior throws a tomahawk.
The tomahawk barely misses you.
You see here 3 tomahawks.
Your transformation has ended.
Casting: Spider Form
Confirm with . or Enter, or press ? or * to list all spells.
You miscast Spider Form.
You are very lightly contaminated with residual magic.
You feel sick.
The orc shouts!
The orc warrior hits you with a war axe! x2
* * * LOW HITPOINT WARNING * * *
Drink which item? (? for menu, Esc to quit)
It was a potion of lignification.
You turn into a tree.
Your roots penetrate the ground.
The orc wizard casts a spell.
The orc wizard blinks!
The orc warrior hits you with a war axe!
You die...

#.#
######..[.(..............###
#.# #.......##########..#
..# #.#..(.o# #..# ###
#.####.## #..# # #.# #.#
#..# # ##.## #o# #..# #
##...###§# ##..### #
####.###.##o# #...... #
#....# #.##♣# #...### #
#.##.###.##.##########...# #
#.###...###........(.....# #
#.# ##### ########.####.##
#.# #....)..##.# #.#
#......[##.# #.#
#.......##.# #.#
#..........# #.#
#.......####


You could see an orc warrior, an orc wizard and an orc.

Vanquished Creatures
  Ijyb (D:2)
  3 adders
  2 oozes
  A worm (D:3)
  3 giant geckos
  4 orcs (D:3)
  A ball python (D:2)
  4 giant cockroaches
  8 goblins
  4 hobgoblins
  5 bats
  4 giant newts
  10 jackals
  9 kobolds
  9 rats
68 creatures vanquished.

Notes
Turn   | Place    | Note
--------------------------------------------------------------
     0 | D:1      | Raultor the Draconian Transmuter began the quest for the Orb.
     0 | D:1      | Reached XP level 1. HP: 16/16 MP: 3/3
   519 | D:1      | Reached XP level 2. HP: 20/23 MP: 5/5
  1282 | D:2      | Reached XP level 3. HP: 23/28 MP: 4/6
  1297 | D:2      | Learned a level 3 spell: Spider Form
  1419 | D:2      | Noticed Ijyb
  1429 | D:2      | Killed Ijyb
  1429 | D:2      | Reached skill level 4 in Transmutations
  1430 | D:2      | Reached XP level 4. HP: 35/35 MP: 3/7
  1515 | D:2      | Noticed Sigmund
  1864 | D:2      | Found a shadowy altar of Dithmenos.
  1864 | D:2      | Found a white marble altar of Elyvilon.
  2042 | D:2      | Found a shimmering altar of Xom.
  2043 | D:2      | Found a burning altar of Makhleb.
  2202 | D:3      | Reached skill level 5 in Transmutations
  2426 | D:2      | Found a snail-covered altar of Cheibriados.
  2426 | D:2      | Found a shattered altar of Ashenzari.
  2433 | D:2      | Became a worshipper of Makhleb the Destroyer
  2860 | D:3      | Reached XP level 5. HP: 36/40 MP: 8/8
  2874 | D:3      | Learned a level 4 spell: Ice Form
  3034 | D:3      | Noticed an orc warrior
  3049 | D:3      | Slain by an orc warrior

Action                   |  1- 3 |  4- 6 || total
-------------------------+-------+-------++-------
Melee: Unarmed           |   102 |   182 ||   284
 Cast: Beastly Appendage |     5 |     6 ||    11
       Spider Form       |     1 |     7 ||     8
  Use: Potion            |       |     1 ||     1
 Stab: Sleeping          |     1 |       ||     1
  Eat: Chunk             |     2 |     6 ||     8
